 Dungeon Crawl Stone Soup version 0.31-a0-358-gac0dbeb3ab (webtiles) character file.

Game seed: 9309882034055524887

65 RepHenryClay the Covered (level 3, -1/32 HPs)
             Began as an Armataur Fighter on July 25, 2023.
             Killed from afar by an orc wizard (5 damage)
             ... with a magic dart
             ... on level 3 of the Dungeon.
             The game lasted 00:02:43 (1448 turns).

RepHenryClay the Covered (Armataur Fighter)         Turns: 1448, Time: 00:02:44

Health: -1/32      AC:  6    Str: 21    XL:     3   Next: 92%
Magic:  3/3        EV:  7    Int:  8    God:
Gold:   127        SH:  4    Dex: 11    Spells: 2/2 levels left

rFire   . . .        a - +0 war axe
rCold   . . .        c - +0 buckler
rNeg    . . .        b - +0 scale mail
rPois   .            (no helmet)
rElec   .            (no cloak)
rCorr   .            (no gloves)
SInv    .            (no barding)
Will    .....        l - amulet of regeneration Stlth
                     (no ring)
HPRegen 1.05/turn    (no ring)
MPRegen 0.08/turn

%: roll
@: no status effects
A: large, rugged brown scales 3, deformed body, armoured tail, roll, long
tongue, awkward tongue
a: no special abilities


You were on level 3 of the Dungeon.
You visited 1 branch of the dungeon, and saw 3 of its levels.

You collected 127 gold pieces.

Inventory:

Hand Weapons
 a - a +0 war axe (weapon)
Armour
 b - a +0 scale mail (worn)
 c - a +0 buckler (worn)
Jewellery
 l - an amulet of regeneration (around neck)
Scrolls
 e - 4 scrolls of revelation {unknown}
 f - a scroll of fog {unknown}
 g - a scroll of vulnerability {unknown}
 k - 2 scrolls of identify {unknown}
Potions
 d - a potion of might
 h - 4 potions of curing {unknown}
 i - a potion of degeneration {unknown}
 j - a potion of ambrosia {unknown}
 m - a potion of heal wounds {unknown}


   Skills:
 - Level 2.6 Fighting
 + Level 3.5 Axes
 - Level 3.6 Armour
 - Level 3.2 Shields


You had 2 spell levels left.
You didn't know any spells.
Your spell library contained the following spells:

 Spells                   Type           Power      Damage    Failure   Level
 Apportation              Tloc           0%         N/A       82%         1
 Blink                    Tloc           0%         N/A       91%         2
 Scorch                   Fire           0%         2d5       91%         2
 Inner Flame              Hex/Fire       0%         N/A       99%         3
 Flame Wave               Conj/Fire      0%         2d4       100%        4
 Manifold Assault         Tloc           0%         N/A       100%        4
 Sticky Flame             Conj/Fire      0%         2d3       100%        4
 Alistair's Intoxication  Tmut/Pois      0%         N/A       100%        5
 Summon Cactus Giant      Summ           0%         N/A       100%        6


Dungeon Overview and Level Annotations

Branches:
Dungeon (3/15)

Altars:

Shops:
D:2 [


Innate Abilities, Weirdness & Mutations

You are completely covered in rugged brown scales. (AC +3, +7% HP)
Armour fits poorly on your strangely shaped body.
You have a long armoured tail.
You roll when moving toward enemies. (Rampage)
Your long tongue fully drains potion bottles. (2x potion effects)
Your tongue gives you trouble enunciating. (1.5x scroll delay)


Message History

You closely miss something.
Your tail-slap misses something.
You feel less confused. Something hits you but does no damage.
Something unexpectedly blocked you, preventing you from rolling!
You miss something.
Something hits you but does no damage. x2
Something unexpectedly blocked you, preventing you from rolling!
You hit something. Something hits you but does no damage.
Unknown command.
Something unexpectedly blocked you, preventing you from rolling!
You miss something.
Your tail-slap misses something.
You hear some strange, mumbled words.
A magic dart appears from out of thin air!
The magic dart hits you.
Damage: -12%(-4hp) hp: 63%(20hp)
Something unexpectedly blocked you, preventing you from rolling!
You barely miss something. Something hits you.
Something hits you but does no damage.
Damage: -3%(-1hp) hp: 60%(19hp) Unknown command.
Something unexpectedly blocked you, preventing you from rolling!
You miss something.
You hear some strange, mumbled words.
A magic dart appears from out of thin air!
The magic dart hits you.
Huge Dmg: -16%(-5hp) hp: 44%(14hp)
Something unexpectedly blocked you, preventing you from rolling!
You miss something.
Your tail-slap misses something.
You hear some strange, mumbled words.
A puff of flame appears from out of thin air!
The puff of flame hits you!
* * * LOW HITPOINT WARNING * * *
Something hits you.
* * * LOW HITPOINT WARNING * * *
Huge Dmg: -34%(-11hp) hp: 10%(3hp)
Something unexpectedly blocked you, preventing you from rolling!
You barely miss something.
You hear some strange, mumbled words.
A magic dart appears from out of thin air!
The magic dart hits you.
You die...

.# .###
#.# .#
...##.#
.# #..#.#
.# #.#.#
.# #...#
##
#.#.#####
#J.)....+
#{#)#####
#@...#
##.....#
#......+
#..>#.##
#####.# #


You could see an endoplasm.

Vanquished Creatures
  An adder (D:3)
  A dart slug (D:1)
  5 orcs (D:3)
  5 ball pythons
  6 endoplasms
  A giant cockroach (D:1)
  5 hobgoblins
  6 kobolds
  2 quokkas (D:1)
  7 bats
  2 frilled lizards (D:1)
  2 goblins
  2 rats (D:1)
45 creatures vanquished.

Notes
Turn   | Place    | Note
-------+----------+-------------------------------------------
     0 | D:1      | RepHenryClay the Armataur Fighter began the quest for the
                  | Orb.
     0 | D:1      | Reached XP level 1. HP: 19/19 MP: 1/1
   223 | D:1      | Reached XP level 2. HP: 20/26 MP: 2/2
   309 | D:1      | Found a faded altar of an unknown god.
   518 | D:1      | Reached XP level 3. HP: 32/32 MP: 3/3
   696 | D:2      | Found Kawnaapt's Armour Boutique.
  1448 | D:3      | Killed from afar by an orc wizard

Illustrated notes

Levels and vault maps discovered:
D:1:      psy_arrival_wood_between_worlds, layout_rooms,
          shapermc_ecumenical_altar_gd, nrook_loot_triangle
D:2:      layout_loops_ring, serial_shops, shop
D:3:      minmay_bubble_buster, layout_basic, uniq_grinder

Skill      XL: |  1  2  3 |
---------------+----------+-----
Axes           | 2 3 |  3.5
Fighting       | |  2.6
Armour         | |  3.6
Shields        | |  3.2

Action                     || total
---------------------------++-------
  Melee: War axe           ||   116
         Tailslap          ||     9
 Armour: Scale mail        ||    56
  Dodge: Dodged            ||    39
  Block: Buckler           ||    24

Table legend: (Time is in decaauts)
 A = Elapsed time spent in this place.
 B = Non-inter-level travel time spent in this place.
 C = Inter-level travel time spent in this place.
 D = Time resting spent in this place.
 E = Time spent auto-exploring this place.
 F = Levels seen in this place.
 G = Mean time per level.
                   A        B        C        D        E       F      G
               +--------+--------+--------+--------+--------+-----+--------+
         Total |   1493 |   1448 |     45 |      0 |   1162 |   3 |  497.7 |
       Dungeon |   1493 |   1448 |     45 |      0 |   1162 |   3 |  497.7 |
               +--------+--------+--------+--------+--------+-----+--------+

Top non-repeatable levels by time:
     D:1: 672 daAuts
     D:2: 604 daAuts
     D:3: 216 daAuts
